Map: 2000 Atmospheres LE

Players

Strange

  • Race: Protoss Protoss

Krystianer - Winner!

  • Race: Protoss Protoss

Event: DreamHack SC2 Masters 2021 Winter

VOD

Have the link to the VOD?

Description

Time

  • Played on: Sept. 29, 2021, 11:34 a.m.
  • Length: 16:32

All games in this series

Show
View Real Time Build Order
Export as new Build Order

Strange Protoss 

Build Orders: Phoenix Opening 

Get SALT Encoding   

  12  0:00  Probe  
  13  0:12  Probe  
  14  0:17  Pylon  
  14  0:24  Probe  
  15  0:35  Gateway  
  15  0:37  Probe (Chrono Boost)  
  16  0:46  Assimilator, Probe (Chrono Boost)  
  17  0:51  Probe (Chrono Boost)  
  17  0:54  Assimilator  
  18  1:03  Probe (Chrono Boost)  
  19  1:08  Gateway  
  19  1:13  Probe (Chrono Boost)  
  19  1:18  Probe (Chrono Boost)  
  20  1:23  Cybernetics Core  
  21  1:29  Probe  
  22  1:34  Pylon  
  22  1:41  Probe  
  23  1:54  Probe  
  24  2:00  Stalker, Warp Gate, Sentry  
  28  2:06  Probe  
  29  2:11  Pylon  
  29  2:19  Shield Battery  
  29  2:22  Pylon  
  29  2:27  Sentry  
  31  2:30  Stalker  
  31  2:34  Phoenix  
  33  2:45  Nexus  
  33  2:50  Probe (Chrono Boost)  
  34  2:53  Sentry  
  37  2:59  Probe (Chrono Boost)  
  37  3:02  Shield Battery  
  37  3:04  Probe (Chrono Boost)  
  37  3:10  Pylon  
  38  3:16  Probe  
  39  3:23  Twilight Council  
  39  3:28  Probe (Chrono Boost)  
  40  3:35  Forge  
  40  3:40  Probe (Chrono Boost)  
  41  3:48  Adept  
  41  3:49  Adept  
  41  3:53  Probe (Chrono Boost)  
  46  3:58  Probe (Chrono Boost)  
  47  4:05  Blink (Chrono Boost)  
  47  4:06  Protoss Ground Weapons Level 1 (Chrono Boost)  
  47  4:08  Probe (Chrono Boost)  
  47  4:09  Probe (Chrono Boost)  
  49  4:15  Probe  
  49  4:16  Phoenix  
  49  4:17  Probe  
  51  4:24  Robotics Facility  
  51  4:27  Probe  
  51  4:30  Probe  
  51  4:39  Assimilator, Probe  
  51  4:40  Stalker x2  
  51  4:42  Probe  
  55  4:50  Pylon  
  55  4:52  Probe  
  56  4:55  Probe  
  57  5:01  Pylon  
  57  5:04  Stalker x2  
  57  5:06  Probe  
  62  5:08  Probe  
  62  5:13  Observer  
  64  5:19  Nexus  
  64  5:27  Stalker  
  64  5:28  Stalker  
  68  5:30  Probe x2  
  70  5:40  Shield Battery  
  71  5:42  Probe  
  71  5:44  Gateway  
  71  5:47  Gateway  
  71  5:51  Adept x2  
  71  5:54  Probe  
  71  5:55  Probe  
  77  6:02  Observer  
  75  6:10  Probe  
  70  6:12  Probe  
  67  6:22  Probe  
  65  6:26  Probe  
  66  6:34  Probe x2  
  66  6:36  Photon Cannon  
  66  6:38  Probe  
  69  6:46  Probe  
  68  6:47  Stalker  
  68  6:50  Probe  
  71  6:57  Protoss Ground Weapons Level 2 (Chrono Boost)  
  71  7:07  Photon Cannon  
  71  7:09  Probe x3  
  74  7:15  Photon Cannon  
  74  7:21  Stalker, Probe (Chrono Boost)  
  74  7:22  Stalker, Probe (Chrono Boost), Charge  
  76  7:33  Probe (Chrono Boost)  
  76  7:35  Probe (Chrono Boost)  
  77  7:39  Probe (Chrono Boost)  
  77  7:42  Probe (Chrono Boost)  
  79  7:44  Probe (Chrono Boost)  
  79  7:45  Probe  
  80  7:51  Probe  
  80  7:55  Probe  
  80  7:57  Immortal  
  80  7:58  Probe  
  87  8:03  Probe  
  88  8:08  Probe  
  88  8:10  Gateway  
  88  8:11  Gateway  
  88  8:12  Pylon  
  89  8:15  Probe  
  90  8:20  Gateway  
  90  8:22  Gateway  
  90  8:27  Templar Archives  
  90  8:30  Probe x3  
  93  8:34  Stalker  
  93  8:35  Stalker  
  93  8:39  Pylon  
  97  8:42  Probe x3  
  97  8:43  Pylon  
  97  8:47  Assimilator  
  100  8:48  Assimilator  
  100  8:52  Pylon  
  100  8:54  Probe  
  100  8:55  Pylon  
  101  8:57  Probe  
  101  9:00  Pylon  
  102  9:04  High Templar x2  
  102  9:08  Archon  
  102  9:09  Zealot x2  
  110  9:10  Zealot x2  
  110  9:14  Pylon  
  110  9:15  Pylon  
  116  9:23  Zealot x2  
  121  9:25  Gateway  
  121  9:27  Gateway  
  118  9:33  Zealot x4  
  126  9:42  Zealot x2  
  128  9:46  Pylon  
  130  9:56  Zealot x3  
  130  9:57  Zealot x2  
  99  10:07  Zealot x2  
  99  10:12  Zealot  
  100  10:17  High Templar x4  
  100  10:18  Zealot  
  100  10:21  Zealot  
  108  10:23  Archon x2  
  108  10:25  Zealot  
  98  10:29  Zealot x2  
  96  10:37  Zealot, Protoss Ground Weapons Level 3 (Chrono Boost)  
  96  10:39  Zealot  
  96  10:43  Robotics Facility  
  96  10:46  High Templar x2  
  100  10:50  Archon  
  100  10:51  Zealot x6  
  112  10:59  Photon Cannon, Assimilator  
  112  11:07  High Templar x2  
  116  11:12  Nexus  
  116  11:13  Archon  
  116  11:14  Pylon x2  
  116  11:22  High Templar x2  
  116  11:23  Zealot x3  
  126  11:27  Archon  
  126  11:30  Zealot x2  
  126  11:31  Zealot  
  126  11:32  Immortal  
  135  11:40  Zealot x2  
  135  11:45  Zealot x3  
  141  11:53  Zealot  
  141  11:54  Zealot x2  
  126  12:03  Zealot x2  
  126  12:04  Zealot x2  
  126  12:06  High Templar x2  
  126  12:07  Zealot  
  136  12:11  Archon, Pylon  
  136  12:15  High Templar  
  136  12:16  Zealot, High Templar  
  136  12:20  Archon  
  142  12:25  Nexus  
  142  12:30  Photon Cannon  
  142  12:31  Shield Battery  
  141  12:38  High Templar x2  
  141  12:39  Zealot x4  
  141  12:42  Warp Prism (Chrono Boost), Archon  
  155  12:52  Photon Cannon  
  155  12:57  Zealot x2  
  153  13:10  Observer (Chrono Boost)  
  142  13:22  Photon Cannon  
  142  13:23  High Templar x4  
  150  13:29  Archon  
  150  13:30  Archon  
  150  13:35  Stalker x4  
  150  13:36  Stalker  
  158  13:46  Zealot  
  151  13:57  Zealot x4  
  151  14:00  Pylon  
  159  14:04  Photon Cannon  
  159  14:11  High Templar x3  
  159  14:15  Archon  
  165  14:21  Zealot x3  
  164  14:27  Observer (Chrono Boost)  
  125  14:36  Zealot x4  
  131  14:44  High Templar  
  131  14:45  Zealot x2, High Templar x2  
  137  14:51  Archon, Probe x2  
  143  14:54  Archon  
  143  15:09  Observer  
  141  15:32  Zealot x7  
  153  15:45  High Templar  
  153  15:46  Stalker, High Templar  
  159  15:50  Archon  
  155  16:04  Stalker x3  
  139  16:14  High Templar x3  
  139  16:15  High Templar  
  127  16:18  Archon  
  127  16:19  Archon  
  127  16:25  Zealot x2  
Show
View Real Time Build Order
Export as new Build Order

Krystianer Protoss - Winner!

Build Orders:  

Get SALT Encoding   

  12  0:00  Probe  
  13  0:12  Probe  
  14  0:17  Pylon  
  14  0:24  Probe (Chrono Boost)  
  16  0:36  Probe (Chrono Boost)  
  16  0:38  Gateway  
  16  0:43  Probe (Chrono Boost)  
  16  0:45  Assimilator  
  17  0:51  Probe  
  17  0:53  Assimilator  
  18  1:03  Probe (Chrono Boost)  
  19  1:08  Gateway  
  20  1:12  Probe (Chrono Boost)  
  20  1:17  Probe (Chrono Boost)  
  20  1:25  Cybernetics Core  
  21  1:29  Probe  
  22  1:34  Pylon  
  22  1:41  Probe  
  23  1:53  Probe  
  24  2:01  Stalker, Sentry  
  28  2:04  Warp Gate  
  28  2:05  Probe  
  29  2:13  Pylon  
  29  2:17  Probe  
  30  2:31  Sentry  
  30  2:34  Probe  
  33  2:37  Sentry  
  34  2:44  Nexus  
  34  2:46  Probe (Chrono Boost)  
  35  2:52  Pylon  
  35  2:56  Probe (Chrono Boost)  
  36  3:02  Probe  
  36  3:05  Shield Battery  
  37  3:12  Stalker  
  39  3:14  Probe (Chrono Boost)  
  40  3:26  Probe (Chrono Boost)  
  41  3:27  Twilight Council  
  41  3:32  Probe (Chrono Boost)  
  42  3:40  Probe  
  43  3:54  Forge  
  43  3:55  Pylon  
  44  3:56  Probe (Chrono Boost)  
  44  3:57  Probe (Chrono Boost)  
  45  4:06  Probe (Chrono Boost)  
  45  4:08  Assimilator, Probe (Chrono Boost)  
  47  4:15  Dark Shrine  
  47  4:16  Robotics Facility  
  47  4:17  Probe  
  49  4:24  Blink  
  49  4:29  Stalker  
  49  4:30  Probe (Chrono Boost)  
  51  4:32  Probe (Chrono Boost)  
  48  4:42  Probe (Chrono Boost)  
  49  4:46  Protoss Ground Weapons Level 1 (Chrono Boost)  
  49  4:48  Probe (Chrono Boost)  
  49  4:49  Probe (Chrono Boost)  
  50  4:55  Probe  
  50  4:56  Probe  
  52  5:01  Warp Prism (Chrono Boost)  
  55  5:07  Probe  
  55  5:08  Probe  
  56  5:21  Nexus  
  56  5:29  Probe x2  
  56  5:31  Dark Templar x2  
  56  5:35  Pylon  
  62  5:41  Probe  
  63  5:46  Probe, Pylon  
  64  5:54  Gateway  
  64  5:57  Gateway  
  64  6:02  Probe x2  
  66  6:04  Dark Templar x2  
  66  6:08  Dark Templar  
  66  6:09  Dark Templar  
  70  6:14  Probe x2  
  70  6:18  Pylon  
  70  6:26  Probe x2  
  70  6:27  Nexus  
  70  6:28  Pylon  
  69  6:38  Probe x2  
  70  6:45  Stalker x2  
  74  6:50  Probe x2, Shield Battery  
  76  7:00  Charge  
  76  7:01  Photon Cannon  
  76  7:02  Probe  
  76  7:03  Robotics Facility, Probe  
  76  7:04  Pylon  
  76  7:06  Protoss Ground Weapons Level 2 (Chrono Boost)  
  78  7:14  Probe (Chrono Boost)  
  78  7:15  Probe (Chrono Boost)  
  77  7:26  Probe (Chrono Boost)  
  77  7:27  Probe (Chrono Boost)  
  77  7:32  Stalker x4, Probe x2 (Chrono Boost)  
  87  7:40  Probe  
  87  7:41  Probe  
  89  7:46  Assimilator  
  89  7:49  Gateway  
  89  7:50  Templar Archives  
  89  7:51  Gateway  
  89  7:54  Observer  
  90  7:58  Zealot x4  
  98  8:10  Gateway  
  98  8:12  Gateway  
  98  8:16  Pylon  
  98  8:19  Pylon  
  98  8:24  Photon Cannon  
  98  8:26  Observer  
  99  8:29  High Templar  
  99  8:30  Zealot x2, High Templar  
  107  8:38  Nexus  
  107  8:39  Archon  
  107  8:50  Photon Cannon  
  107  8:52  High Templar x2  
  107  8:53  Zealot x2  
  115  8:58  Archon x2  
  115  9:02  Zealot x2  
  119  9:06  Pylon  
  121  9:12  Pylon  
  119  9:18  Protoss Ground Armor Level 1 (Chrono Boost)  
  119  9:23  Zealot x6  
  131  9:25  Zealot x2  
  131  9:43  Probe  
  126  9:45  Stalker  
  126  9:46  Stalker x5  
  126  9:48  Stalker  
  138  9:54  Zealot  
  94  10:10  Zealot x6  
  97  10:15  Zealot x2  
  91  10:30  Zealot x3  
  91  10:31  Zealot x3  
  95  10:38  Zealot x2  
  95  10:42  Gateway  
  95  10:44  Gateway  
  95  10:45  Gateway  
  95  10:46  Gateway  
  93  10:53  High Templar x4  
  93  10:54  Zealot x2  
  93  10:56  Photon Cannon  
  105  10:59  Archon, High Templar x2, Shield Battery  
  105  11:00  Archon  
  105  11:03  Archon  
  109  11:09  Protoss Ground Weapons Level 3 (Chrono Boost)  
  109  11:11  Probe x3  
  112  11:19  Nexus  
  112  11:29  Zealot x2  
  112  11:30  Zealot x4  
  112  11:31  Zealot  
  112  11:32  Zealot  
  128  11:33  Observer  
  123  11:53  Zealot  
  123  11:54  Zealot x8  
  129  12:00  Zealot x3  
  123  12:11  Pylon  
  123  12:15  Assimilator  
  123  12:16  High Templar x3  
  123  12:17  Assimilator, High Templar  
  123  12:20  Zealot x5  
  123  12:22  Archon x2  
  141  12:24  Zealot  
  141  12:25  Zealot  
  145  12:49  Photon Cannon  
  145  12:50  Shield Battery  
  144  12:57  Dark Templar x3  
  150  12:58  Zealot x3  
  150  12:59  Zealot x4  
  150  13:01  Zealot x2  
  166  13:12  Probe x2  
  148  13:21  High Templar  
  148  13:22  High Templar  
  148  13:23  Zealot  
  148  13:24  Zealot x6  
  148  13:26  Archon  
  164  13:30  Probe  
  165  13:39  Warp Prism (Chrono Boost)  
  161  13:52  Dark Templar x3  
  161  13:55  High Templar x2  
  167  13:56  Zealot  
  167  13:57  Zealot x6  
  167  13:58  Protoss Ground Armor Level 2 (Chrono Boost)  
  167  14:02  Archon  
  181  14:24  Zealot x6  
  153  14:32  Stalker x6  
  161  14:44  Photon Cannon x2  
  159  14:46  High Templar x2  
  159  14:49  Zealot x4  
  159  14:50  Archon  
  171  14:57  Stalker  
  171  14:58  Stalker x5  
  183  15:01  Pylon  
  181  15:32  Stalker x4  
  181  15:33  Stalker x5  
  191  15:56  Zealot x2  
  195  16:07  Assimilator  
  195  16:10  Zealot x3  
  159  16:22  Stalker x8  
  159  16:23  Stalker  

Tags
 
Add a new tag
Caveats
  • Supply blocks, unpowered buildings, or Contaminate may cause inaccurate times.
  • Supply counts are checked every 10 seconds.